 Dungeon Crawl Stone Soup version 0.32-a0-938-g40ac7a0 (webtiles) character file.

Game seed: 14153244734522465650

374 NobodyHome the Digger (level 6, -2/45 HPs)
             Began as a Mountain Dwarf Earth Elementalist on Apr 20, 2024.
             Was an Initiate of Jiyva.
             Slain by a +3 dire flail of freezing (3 damage)
             ... created by the rancor of the Wu Jian Council
             ... on level 4 of the Dungeon.
             The game lasted 00:13:20 (4212 turns).

NobodyHome the Digger (MDEE)                        Turns: 4212, Time: 00:13:21

Health: -2/45      AC:  2    Str: 11    XL:     6   Next: 43%
Magic:  9/9        EV: 11    Int: 17    God:    Jiyva [......]
Gold:   252        SH:  0    Dex: 10    Spells: 5/9 levels left

rFire   . . .        o - staff of air
rCold   . . .        (no shield)
rNeg    . . .        a - +0 robe
rPois   .            (no helmet)
rElec   +            (no cloak)
rCorr   +            (no gloves)
SInv    .            (no boots)
Will    +....        d - amulet of regeneration
Stlth   ++           c - ring of resist corrosion
HPRegen 1.07/turn    f - ring of willpower
MPRegen 0.11/turn

%: no passive effects
@: slowed, very slow
A: runic magic, artefact enchanting
a: Renounce Religion


You were on level 4 of the Dungeon.
You worshipped Jiyva.
Jiyva was noncommittal.
You visited 1 branch of the dungeon, and saw 4 of its levels.
You also visited: Sewer.

You collected 252 gold pieces.

Inventory:

Hand Weapons
 g - a +0 short sword
 i - a +0 club
 k - a +0 dagger of venom
Armour
 a - a +0 robe (worn)
Magical Staves
 o - a staff of air (weapon)
Jewellery
 c - a ring of resist corrosion (left hand)
 d - an amulet of regeneration (around neck)
 f - a ring of willpower (right hand)
 n - a +5 ring of evasion
 p - a ring of ice
Scrolls
 e - a scroll of fog
 l - a scroll of teleportation {unknown}
 m - a scroll of noise
 q - 2 scrolls of identify {unknown}
 r - a scroll of poison
 u - a scroll of amnesia {unknown}
 v - a scroll of butterflies {unknown}
 w - a scroll of fear {unknown}
Potions
 b - a potion of magic
 h - 5 potions of curing {unknown}
 j - 4 potions of haste {unknown}
 s - a potion of brilliance {unknown}
 t - a potion of cancellation {unknown}


   Skills:
 + Level 2.3 Staves
 - Level 2.0 Dodging
 - Level 2.0 Stealth
 - Level 2.0 Spellcasting
 * Level 3.7 Conjurations
 + Level 4.5 Earth Magic
 + Level 2.2 Evocations


You had 5 spell levels left.
You knew the following spells:

 Your Spells              Type           Power      Damage    Failure   Level
a - Sandblast             Erth           34%        2d9       3%          1
b - Stone Arrow           Conj/Erth      30%        3d8       11%         3

Your spell library contained the following spells:

 Spells                   Type           Power      Damage    Failure   Level
 Passwall                 Erth           17%        N/A       9%          3
 Dazzling Flash           Conj/Hex       14%        N/A       26%         3
 Jinxbite                 Hex            2%         N/A       28%         2
 Brom's Barrelling Bould  Conj/Erth      15%        2d4       34%         4
 Tukima's Dance           Hex            1%         N/A       50%         3
 Petrify                  Alch/Erth      9%         N/A       58%         4
 Animate Dead             Necr           1%         N/A       88%         4
 Passage of Golubria      Tloc           1%         N/A       88%         4
 Yara's Violent Unravell  Hex/Alch       0%         3d3       99%         5


Dungeon Overview and Level Annotations

Branches:
Dungeon (4/15)              Sewer (visited)
 Temple: D:4-7

Altars:
Fedhas
Ru
Uskayaw
Wu Jian
Yredelemnul

Shops:
D:1 *   D:3 !


Innate Abilities, Weirdness & Mutations

Your spellcasting is much less encumbered by armour.
You can use scrolls of enchantment on lesser artefacts.


Message History

You now have 204 gold pieces (gained 9).
w - a scroll labelled DIXZIDU GAAXE
There is a stone staircase leading up here.
You now have 220 gold pieces (gained 16).
Key pressed, stopping explore.
You now have 232 gold pieces (gained 12).
You now have 243 gold pieces (gained 11).
You now have 252 gold pieces (gained 9).
The blast of sand hits the hound.
The hound is moderately wounded.
The hound barks!
The hound bites you. The hound closely misses you.
The blast of sand hits the hound!
The hound is almost dead.
The hound misses you. The hound bites you.
The blast of sand hits the hound.
You kill the hound!
You can't see any susceptible monsters within range! (Use Z to cast anyway.) HP restored.
A gnoll comes into view.
It is wielding a +1 halberd of protection.
Found a club.
The gnoll moves out of view.
The gnoll shouts!
You hear a shout!
A gnoll comes into view. It is wielding a +2 vampiric spear.
The gnoll throws a stone.
The stone closely misses you.
The gnoll moves out of view.
A gnoll comes into view. It is wielding a +0 flail.
Sifu Yunchang whispers: Nowhere to run...
You feel yourself slow down. 5 dancing weapons come into view.
There is a +4 glaive of electrocution.
There is a +4 heavy glaive.
There is a +3 dire flail of freezing.
There is a +0 broad axe of freezing.
There is a +4 broad axe of speed.
The +4 heavy glaive moves out of view.
The +0 broad axe of freezing hits you!
The +0 broad axe of freezing freezes you.
The +0 broad axe of freezing hits you!
The +0 broad axe of freezing freezes you.
The +3 dire flail of freezing hits you!
* * * LOW HITPOINT WARNING * * *
The +3 dire flail of freezing freezes you.
You die...
Jiyva sends a jelly to digest your remains.

#....#.# # #.#....#
# #.#....# # #.####>
# #.# ## # #.# #
#.###############
####................
#((@..##############
#(###.# #.# #.#
#.(g......#
.......(....#
####..........
'...g....##.
##..g.....+ ..
#........#


You could see 3 dancing weapons.

Vanquished Creatures
  A jelly (Sewer)
  An orc priest (D:3)
  A hound (D:4)
  An orc wizard (D:3)
  A gnoll (D:3)
  8 adders
  3 river rats
  3 ribbon worms
  4 dart slugs
  16 orcs (D:3)
  8 ball pythons
  5 bats
  14 endoplasms
  4 giant cockroaches
  6 goblins
  9 hobgoblins
  3 jackals
  12 kobolds
  6 quokkas
  10 frilled lizards
  6 rats
122 creatures vanquished.

Vanquished Creatures (others)
  An adder (D:3)
  4 orcs (D:3)
  An endoplasm (D:3)
  A quokka (D:3)
7 creatures vanquished.

Grand Total: 129 creatures vanquished

Notes
Turn   | Place    | Note
-------+----------+-------------------------------------------
     0 | D:1      | NobodyHome the Mountain Dwarf Earth Elementalist began the
                  | quest for the Orb.
     0 | D:1      | Reached XP level 1. HP: 14/14 MP: 3/3
    79 | D:1      | Reached skill level 1 in Conjurations
   130 | D:1      | Reached XP level 2. HP: 20/20 MP: 2/4
   555 | D:1      | Got the Directory of the Fair Folk and the Catacomb
   581 | D:1      | Found Ciheviuf's General Store.
  1011 | D:1      | Reached XP level 3. HP: 25/26 MP: 2/6
  1501 | D:2      | Reached XP level 4. HP: 29/33 MP: 2/7
  1618 | D:2      | Found a faded altar of an unknown god.
  1628 | D:2      | Prayed at the altar of an unknown god.
  1628 | D:2      | Became a worshipper of the Wu Jian Council
  1628 | D:2      | Reached * piety under Wu Jian
  2207 | D:3      | Found a basalt altar of Yredelemnul.
  2207 | D:3      | Found a blossoming altar of Fedhas.
  2208 | D:3      | Found a hide-covered altar of Uskayaw.
  2219 | D:3      | Reached skill level 4 in Earth Magic
  2237 | D:3      | Reached skill level 1 in Staves
  2255 | D:3      | Learned a level 3 spell: Stone Arrow
  2393 | D:3      | Reached skill level 1 in Evocations
  2393 | D:3      | Reached XP level 5. HP: 38/38 MP: 6/8
  2420 | D:3      | Found a sacrificial altar of Ru.
  2603 | D:3      | Reached ** piety under Wu Jian
  2750 | D:3      | Found a glowing drain.
  2754 | Sewer    | Entered a sewer
  3101 | Sewer    | Found a viscous altar of Jiyva.
  3121 | Sewer    | Fell from the grace of Wu Jian
  3121 | Sewer    | Became a worshipper of Jiyva Joipn the Shapeless
  3156 | Sewer    | Reached XP level 6. HP: 45/45 MP: 5/9
  3576 | D:3      | Found Gilah's Distillery.
  4210 | D:4      | Noticed a +4 glaive of electrocution
  4210 | D:4      | Noticed a +4 heavy glaive
  4210 | D:4      | Noticed a +3 dire flail of freezing
  4210 | D:4      | Noticed a +0 broad axe of freezing
  4210 | D:4      | Noticed a +4 broad axe of speed
  4212 | D:4      | HP: 1/45 [+3 dire flail of freezing[the rancor of the Wu
                  | Jian Council] (14)]
  4212 | D:4      | Slain by a +3 dire flail of freezing

Illustrated notes

Levels and vault maps discovered:
D:1:      lemuel_arrival_tunnels, layout_basic, serial_shops,
          nicolae_shop_tiny_real_fake_doors, minmay_tromino_i4
D:2:      layout_basic, hellmonk_ecumenical_altar_run_dry
D:3:      layout_basic, mainiacjoe_overflow_surrounded_room,
          gammafunk_temple_overflow_forgotten, gup_sewer_entry_spiral,
          serial_shops, shop, minmay_divided_ellipse
D:4:      layout_basic, uniq_duvessa, uniq_blork_the_orc

Skill      XL: |  1  2  3  4  5  6 |
---------------+-------------------+-----
Conjurations   | 1 2 3 |  3.7
Spellcasting   | 2 |  2.0
Stealth        | 2 |  2.0
Dodging        | 2 |  2.0
Earth Magic    | 4 |  4.5
Staves         | 1 2 |  2.3
Evocations     | 1 2 |  2.2

Action                     |  1- 3 |  4- 6 || total
---------------------------+-------+-------++-------
  Melee: Unarmed           |    13 |       ||    13
         Club              |    17 |       ||    17
         Short sword       |    10 |       ||    10
         Dagger            |     8 |     5 ||    13
         Staff             |       |    95 ||    95
   Cast: Sandblast         |    39 |   135 ||   174
Ability: Whirlwind         |       |     2 ||     2
         Lunge             |       |     6 ||     6
    Use: Scroll            |       |     5 ||     5
   Stab: Sleeping          |     2 |     2 ||     4
         Distracted        |       |     1 ||     1
 Armour: Robe              |    58 |   112 ||   170
  Dodge: Dodged            |    45 |   100 ||   145

Table legend: (Time is in decaauts)
 A = Elapsed time spent in this place.
 B = Non-inter-level travel time spent in this place.
 C = Inter-level travel time spent in this place.
 D = Time resting spent in this place.
 E = Time spent auto-exploring this place.
 F = Levels seen in this place.
 G = Mean time per level.
                   A        B        C        D        E       F      G
               +--------+--------+--------+--------+--------+-----+--------+
         Total |   4379 |   4293 |     86 |    145 |   2955 |   5 |  875.8 |
       Dungeon |   3814 |   3728 |     86 |    145 |   2586 |   4 |  953.5 |
         Sewer |    565 |    565 |      0 |      0 |    369 |   1 |  565.0 |
               +--------+--------+--------+--------+--------+-----+--------+

Top non-repeatable levels by time:
     D:3: 1401 daAuts
     D:1: 1279 daAuts
     D:2: 928 daAuts
   Sewer: 565 daAuts
     D:4: 205 daAuts
